 Dungeon Crawl Stone Soup version 0.32-a0-656-g3542139ebd (webtiles) character file.

Game seed: 11657404976404099830

16 seaoflcl the Shield-Bearer (level 2, -4/24 HPs)
             Began as a Human Fighter on Mar 8, 2024.
             Slain by a gnoll
             ... wielding a +0 halberd
              (10 damage)
             ... on level 2 of the Dungeon.
             The game lasted 00:00:57 (801 turns).

seaoflcl the Shield-Bearer (Human Fighter)           Turns: 801, Time: 00:00:57

Health: -4/24      AC:  6    Str: 16    XL:     2   Next: 58%
Magic:  2/2        EV:  8    Int:  8    God:
Gold:   52         SH:  4    Dex: 12    Spells: 1/1 levels left

rFire   . . .        a - +0 long sword
rCold   . . .        c - +0 buckler
rNeg    . . .        b - +0 scale mail
rPois   .            (no helmet)
rElec   .            (no cloak)
rCorr   .            (no gloves)
SInv    .            (no boots)
Will    .....        (no amulet) Stlth
                     (no ring)
HPRegen 0.24/turn    (no ring)
MPRegen 0.08/turn

%: no passive effects
@: no status effects
A: explore regen
a: no special abilities


You were on level 2 of the Dungeon.
You visited 1 branch of the dungeon, and saw 2 of its levels.

You collected 52 gold pieces.

Inventory:

Hand Weapons
 a - a +0 long sword (weapon)
Armour
 b - a +0 scale mail (worn)
 c - a +0 buckler (worn)
Potions
 d - a potion of might


   Skills:
 + Level 3.2 Fighting
 + Level 2.1 Long Blades
 + Level 3.1 Armour
 + Level 3.4 Shields


You had one spell level left.
You didn't know any spells.
Your spell library was empty.

Dungeon Overview and Level Annotations

Branches:
Dungeon (2/15)

Altars:


Innate Abilities, Weirdness & Mutations

You regain HP and MP as you explore.


Message History

No target in view!
Done exploring.
Done exploring.
You see here a giant cockroach corpse.
There is an open door here.
There is a stone staircase leading down here.
There is a stone staircase leading down here.
There is a stone staircase leading down here.
You climb downwards.
There is a stone staircase leading up here.
Found a robe.
Found a leather armour.
A gnoll comes into view. It is wielding a +0 halberd.
The gnoll shouts!
You hear a shout! 2 gnolls come into view.
The gnoll shouts! x2
The gnoll hits you with a +0 halberd!
Ouch! That really hurt!
You are too injured to fight recklessly!
You are too injured to fight recklessly!
You are too injured to fight recklessly!
You are too injured to fight recklessly!
You are too injured to fight recklessly!
You are too injured to fight recklessly!
You are too injured to fight recklessly!
You are too injured to fight recklessly!
You are too injured to fight recklessly!
You are too injured to fight recklessly!
You are too injured to fight recklessly!
You are too injured to fight recklessly!
You are too injured to fight recklessly!
You are too injured to fight recklessly!
You are too injured to fight recklessly!
You are too injured to fight recklessly!
The gnoll hits you from afar with a +0 halberd.
* * * LOW HITPOINT WARNING * * *
The gnoll attacks as it pursues you! The gnoll closely misses you.
The gnoll attacks as it pursues you!
The gnoll hits you from afar with a +0 halberd!
You die...

####.######
#.........#
#.##g####.##
#.##........
#.##g.......
###.##.####.##
#####....g.####.#
.........[.....[..
#####.#@#######..#
..............#
#####.#.#####.#
#.#.#####.#. #
#.<.......
#######...


You could see 2 gnolls.

Vanquished Creatures
  An endoplasm (D:1)
  A giant cockroach (D:1)
  A goblin (D:1)
  4 jackals (D:1)
  A quokka (D:1)
  A ball python (D:1)
  A frilled lizard (D:1)
  4 kobolds (D:1)
  A rat (D:1)
15 creatures vanquished.

Notes
Turn   | Place    | Note
-------+----------+-------------------------------------------
     0 | D:1      | seaoflcl the Human Fighter began the quest for the Orb.
     0 | D:1      | Reached XP level 1. HP: 18/18 MP: 1/1
   402 | D:1      | Reached XP level 2. HP: 24/24 MP: 2/2
   551 | D:1      | Found a faded altar of an unknown god.
   551 | D:1      | Noticed a sun demon
   801 | D:2      | Slain by a gnoll

Illustrated notes

Levels and vault maps discovered:
D:1:      lordsloth_arrival_two_stooges, layout_basic,
          dreamdust_ecumenical_altar_sealed_demon
D:2:      layout_loops_ring, uniq_sigmund, uniq_jessica

Action                     || total
---------------------------++-------
  Melee: Long sword        ||    69
 Armour: Scale mail        ||    63
  Dodge: Dodged            ||    42
  Block: Buckler           ||    17

Table legend: (Time is in decaauts)
 A = Elapsed time spent in this place.
 B = Non-inter-level travel time spent in this place.
 C = Inter-level travel time spent in this place.
 D = Time resting spent in this place.
 E = Time spent auto-exploring this place.
 F = Levels seen in this place.
 G = Mean time per level.
                   A        B        C        D        E       F      G
               +--------+--------+--------+--------+--------+-----+--------+
         Total |    824 |    758 |     66 |     51 |    558 |   2 |  412.0 |
       Dungeon |    824 |    758 |     66 |     51 |    558 |   2 |  412.0 |
               +--------+--------+--------+--------+--------+-----+--------+

Top non-repeatable levels by time:
     D:1: 806 daAuts
     D:2: 17 daAuts
